 Dungeon Crawl Stone Soup version 0.25-b1-37-g2669288c55 (webtiles) character file.

Game seed: 12781263049146699658

19925 diana the Basher (level 12, 0/95 HPs)
             Began as a Demonspawn Fighter on June 6, 2020.
             Was an Initiate of Gozag.
             Slain by a blink frog (9 damage)
             ... on level 2 of the Lair of Beasts.
             The game lasted 00:22:00 (17219 turns).

diana the Basher (Demonspawn Fighter)              Turns: 17219, Time: 00:22:00

Health: 0/95       AC: 17    Str: 20    XL:     12   Next: 40%
Magic:  12/12      EV: 10    Int: 14    God:    Gozag
Gold:   636        SH: 11    Dex: 13    Spells: 11/11 levels left

rFire    . . .     SeeInvis .   E - +2 morningstar
rCold    . . .     Gourm    .   c - +0 kite shield
rNeg     + . .     Faith    .   R - +0 pearl dragon scales
rPois    +         Spirit   .   m - +0 helmet
rElec    .         Reflect  .   Q - scarf {harm}
rCorr    .         Harm     .   (no gloves)
MR       +....                  (boots unavailable)
Stlth    +.........             (no amulet)
HPRegen  0.25/turn              j - ring of Gobu {MR+ Int+3}
MPRegen  0.13/turn              F - ring of poison resistance

@: gold aura
A: hooves 3, yellow scales 1, foul stench 1, nightstalker 1, screaming 1, rot
immunity
a: Potion Petition, Call Merchant, Bribe Branch, Renounce Religion


You were on level 2 of the Lair of Beasts.
You worshipped Gozag.
Gozag was pleased with you.
You were not hungry.

You visited 2 branches of the dungeon, and saw 13 of its levels.

You collected 2283 gold pieces.
You paid 1647 gold pieces to Gozag.

Inventory:

Hand Weapons
 v - a +3 flail of venom
 E - a +2 morningstar (weapon)
Missiles
 t - 6 throwing nets (quivered)
Armour
 c - a +0 kite shield (worn)
 m - a +0 helmet (worn)
 Q - a scarf of harm (worn)
 R - +0 pearl dragon scales (worn)
Jewellery
 j - the ring of Gobu (left hand) {MR+ Int+3}
   (You found it on level 1 of the Lair of Beasts)

   [ring of protection from magic]

   It affects your intelligence (+3).
   It affects your resistance to hostile enchantments.
 F - a ring of poison resistance (right hand)
 S - an uncursed ring of protection from cold
Wands
 b - a wand of acid (13)
 i - a wand of flame (59)
 y - a wand of random effects (24)
 B - a wand of paralysis (15)
 C - a wand of iceblast (11)
 K - a wand of polymorph (16)
Scrolls
 a - 3 scrolls of amnesia {unknown}
 d - a scroll of enchant armour {unknown}
 g - 8 scrolls of remove curse
 n - 6 scrolls of teleportation
 p - a scroll of random uselessness {unknown}
 q - 5 scrolls of fog
 r - a scroll of noise {unknown}
 u - 3 scrolls of enchant weapon {unknown}
 x - 6 scrolls of immolation {unknown}
 H - 2 scrolls of magic mapping {unknown}
 N - 3 scrolls of blinking {unknown}
Potions
 e - a potion of resistance
 h - 8 potions of curing
 k - 4 potions of stabbing
 l - a potion of ambrosia
 o - 3 potions of mutation
 s - 3 potions of berserk rage
 w - 2 potions of lignification
 A - 2 potions of cancellation
 D - 2 potions of magic
 G - a potion of haste
 I - 2 potions of invisibility
 L - a potion of degeneration
 M - a potion of brilliance {unknown}
Miscellaneous
 O - a lightning rod (4/4)
Comestibles
 f - 14 rations


   Skills:
 + Level 9.2 Fighting
 + Level 12.0 Maces & Flails
 + Level 8.3 Armour
 - Level 4.6 Dodging
 - Level 2.6 Stealth
 + Level 8.8 Shields


You had 11 spell levels left.
You didn't know any spells.
Your spell library contained the following spells:

 Spells                   Type           Power        Failure   Level  Hunger
 Irradiate                Conj/Tmut      #.........   100%        5    ######.
 Hydra Form               Tmut           #.........   100%        6    #######
 Statue Form              Tmut/Erth      #........    100%        6    #######
 Dragon Form              Tmut           #.........   100%        7    #######


Dungeon Overview and Level Annotations

Branches:
Dungeon (11/15)            Temple (0/1) D:7            Lair (2/6) D:9
    Orc (0/2) D:11
  Swamp: Lair:2-4    Shoals: Lair:2-4     Snake: Lair:2-4    Spider: Lair:2-4

Altars:
Gozag
Hepliaklqana
Nemelex Xobeh
Ru
Xom
The Shining One

Shops:
Lair:1 *(

Annotations:
D:3 1 runed translucent door, Crazy Yiuf
D:7 1 runed translucent door, kathalu's ghost, novice HuBe


Innate Abilities, Weirdness & Mutations

You have hooves in place of feet.
You are partially covered in yellow scales. (AC +2)
You may emit foul miasma when damaged in melee.
You are slightly more attuned to the shadows.
You are immune to rotting.
You occasionally shout uncontrollably at your foes.


Message History

The blink frog blinks!
The blink frog hits you but does no damage.
Unknown command.
You feel better. You block the blink frog's attack.
The blink frog hits you but does no damage.
You block the blink frog's attack.
You closely miss the blink frog.
The blink frog is severely wounded.
The blink frog hits you.
* * * LOW HITPOINT WARNING * * *
The blink frog looks sick.
The blink frog hits you but does no damage.
You block the blink frog's attack.
The blink frog blinks!
You block the blink frog's attack.
The blink frog hits you but does no damage.
You miss the blink frog.
The blink frog is severely wounded.
The blink frog hits you!
You die...
Your body crumbles into a pile of gold.

...............
............... #.F.....<..#
#........##.. #..§......... .
^.##.....#####. . #. ..
#.....# s≈ #. ^ #.FF### ###
.*. .##. ###@## ##.##
≈≈.^#..### #F.# # #....
...^*....####..#.# #.<.. ##
##..##P##..#.# ##...#
.#######^^.#....#...# #...##
....##...##.##P.#.+## #...##
#######..#..###.#...##
##...## # #.....###.+.⌠..##
##...##. #
#####...P##.#.....####....#P.


You could see 4 blink frogs.

Vanquished Creatures
  Harold (D:8)
  3 hydras
  A centaur warrior (D:10)
  The ghost of emiel the Frost Mage, a novice BaIE of Cheibriados (Lair:1)
  Pikel (D:6)
  Joseph (D:8)
  A spiny frog (Lair:1)
  Maggie (D:6)
  A gargoyle (D:10)
  4 komodo dragons
  3 trolls
  A blink frog (Lair:2)
  A hornet (D:11)
  7 dream sheep (Lair:2)
  Grinder (D:3)
  4 hippogriffs
  A spriggan (D:10)
  A shadow (D:11)
  Eustachio (D:6)
  Sigmund (D:6)
  2 wyverns
  3 basilisks
  9 yaks
  2 hungry ghosts (D:10)
  Grum (D:8)
  2 steam dragons
  Edmund (D:6)
  2 water moccasins
  A porcupine (Lair:2)
  5 sky beasts
  2 ice beasts
  A slave (D:6)
  A black bear (D:7)
  A hornet zombie (D:9)
  5 orc warriors
  A phantom (D:11)
  4 necrophages
  6 ogres
  7 wolves
  8 centaurs
  4 crocodiles
  A big kobold (D:8)
  8 bullfrogs
  2 scorpions
  12 wights
  3 crimson imps
  A bullfrog zombie (D:9)
  6 hounds
  A jelly (D:10)
  11 orc wizards
  4 bullfrog skeletons
  8 orc priests
  A centaur skeleton (D:4)
  4 iguanas
  Natasha (thrice) (D:4)
  7 worker ants
  A mummy (D:7)
  2 worker ant zombies
  A howler monkey skeleton (D:11)
  12 adders
  2 shadow imps
  2 adder skeletons
  2 worms (D:2)
  2 dart slugs
  7 leopard geckos
  57 orcs
  17 giant cockroaches
  7 goblins
  6 hobgoblins
  9 jackals
  16 kobolds
  2 quokkas
  5 bats
  8 frilled lizards
  2 jackal zombies (D:7)
  2 quokka skeletons (D:4)
  5 rats
343 creatures vanquished.

Vanquished Creatures (others)
  A jelly (D:6)
1 creature vanquished.

Grand Total: 344 creatures vanquished

Notes
Turn   | Place    | Note
-------+----------+-------------------------------------------
     0 | D:1      | diana the Demonspawn Fighter began the quest for the Orb.
     0 | D:1      | Reached XP level 1. HP: 18/18 MP: 1/1
    81 | D:1      | Reached skill level 2 in Maces & Flails
   495 | D:1      | Gained mutation: You have large cloven feet. [demonic
                  | ancestry]
   495 | D:1      | Reached XP level 2. HP: 24/24 MP: 2/2
   939 | D:1      | Gained mutation: You are immune to rotting. [demonic
                  | ancestry]
   939 | D:1      | Reached XP level 3. HP: 21/29 MP: 3/3
  1742 | D:2      | Gained mutation: You are partially covered in yellow
                  | scales. (AC +2) [demonic ancestry]
  1742 | D:2      | Reached XP level 4. HP: 19/35 MP: 4/4
  2550 | D:3      | Reached skill level 3 in Maces & Flails
  2550 | D:3      | Reached XP level 5. HP: 23/41 MP: 5/5
  3265 | D:3      | Noticed Grinder
  3272 | D:3      | Noticed Natasha
  3639 | D:4      | Killed Natasha
  3639 | D:4      | Gained mutation: You have hoof-like feet. [demonic
                  | ancestry]
  3639 | D:4      | Reached XP level 6. HP: 48/48 MP: 6/6
  3653 | D:3      | Reached skill level 1 in Dodging
  3659 | D:3      | Killed Grinder
  3659 | D:3      | Reached skill level 4 in Maces & Flails
  4024 | D:3      | Found a runed translucent door.
  4025 | D:3      | Noticed Crazy Yiuf
  4209 | D:4      | Noticed Natasha
  4386 | D:4      | Killed Natasha
  4389 | D:3      | Gained mutation: You are slightly more attuned to the
                  | shadows. [demonic ancestry]
  4389 | D:3      | Reached XP level 7. HP: 41/54 MP: 7/7
  4745 | D:4      | Found a shimmering altar of Xom.
  4745 | D:4      | Found a shimmering altar of Xom.
  4746 | D:4      | Found a shimmering altar of Xom.
  4746 | D:4      | Found a shimmering altar of Xom.
  4746 | D:4      | Found a shimmering altar of Xom.
  4747 | D:4      | Found a shimmering altar of Xom.
  4754 | D:4      | Found a shimmering altar of Xom.
  4756 | D:4      | Found a shimmering altar of Xom.
  4809 | D:4      | Noticed Natasha
  4814 | D:4      | Killed Natasha
  4990 | D:4      | Reached skill level 5 in Maces & Flails
  5193 | D:5      | Entered Level 5 of the Dungeon
  5247 | D:5      | Got a heavily jewelled robe
  5601 | D:5      | Reached XP level 8. HP: 61/61 MP: 8/8
  5711 | D:5      | Found an opulent altar of Gozag.
  5905 | D:6      | Noticed Eustachio
  5923 | D:6      | Killed Eustachio
  5933 | D:6      | Reached skill level 6 in Maces & Flails
  6037 | D:6      | Reached skill level 5 in Fighting
  6037 | D:6      | Reached skill level 5 in Shields
  6096 | D:6      | Reached skill level 5 in Armour
  6202 | D:6      | Noticed Pikel
  6227 | D:6      | Killed Pikel
  6227 | D:6      | Reached skill level 7 in Maces & Flails
  6227 | D:6      | Reached skill level 1 in Stealth
  6227 | D:6      | Gained mutation: You may emit foul miasma when damaged in
                  | melee. [demonic ancestry]
  6227 | D:6      | Reached XP level 9. HP: 31/68 MP: 9/9
  6440 | D:6      | Noticed Edmund
  6448 | D:6      | Killed Edmund
  6509 | D:6      | Noticed Sigmund
  6515 | D:6      | Killed Sigmund
  6571 | D:6      | Noticed Maggie
  6582 | D:6      | Killed Maggie
  6810 | D:6      | Reached skill level 8 in Maces & Flails
  7172 | D:5      | Became a worshipper of Gozag Ym Sagoz the Greedy
  7500 | D:7      | Reached skill level 9 in Maces & Flails
  7502 | D:7      | Gained mutation: You have hooves in place of feet. [demonic
                  | ancestry]
  7502 | D:7      | Reached XP level 10. HP: 70/76 MP: 10/10
  7610 | D:7      | Found a runed translucent door.
  7610 | D:7      | Found a shimmering altar of Xom.
  7610 | D:7      | Noticed kathalu's ghost (novice HuBe)
  7610 | D:7      | Noticed a +3 rapier of chaos
  7640 | D:7      | Found a staircase to the Ecumenical Temple.
  8507 | D:8      | Noticed Harold
  8518 | D:8      | Killed Harold
  8572 | D:8      | Reached skill level 10 in Maces & Flails
  8678 | D:8      | Noticed Grum
  8691 | D:8      | Killed Grum
  8796 | D:8      | Found a sparkling altar of Nemelex Xobeh.
  8930 | D:8      | Found a sacrificial altar of Ru.
  8935 | D:8      | Found a glowing golden altar of the Shining One.
  8976 | D:8      | Noticed Joseph
  8992 | D:8      | Killed Joseph
  9714 | D:9      | Reached XP level 11. HP: 84/84 MP: 11/11
 10306 | D:9      | Found a staircase to the Lair.
 10616 | D:9      | Found a hazy altar of Hepliaklqana.
 10723 | D:9      | Identified the +1 robe "Hedax" {*Contam Dex+5} (You found
                  | it on level 5 of the Dungeon)
 10733 | D:9      | Gained mutation: You occasionally shout uncontrollably at
                  | your foes. [mutagenic glow]
 10787 | D:10     | Entered Level 10 of the Dungeon
 12021 | D:11     | Noticed a centaur warrior
 12034 | D:10     | Killed a centaur warrior
 12034 | D:10     | Reached skill level 11 in Maces & Flails
 13346 | D:11     | Noticed a five-headed hydra
 13359 | D:11     | Killed a five-headed hydra
 13731 | D:11     | Noticed a four-headed hydra
 13742 | D:11     | Killed a four-headed hydra
 14485 | D:11     | Found a staircase to the Orcish Mines.
 14622 | Lair:1   | Entered Level 1 of the Lair of Beasts
 15162 | Lair:1   | Noticed a four-headed hydra
 15168 | Lair:1   | Killed a four-headed hydra
 15168 | Lair:1   | Reached XP level 12. HP: 82/94 MP: 12/12
 15595 | Lair:1   | Found a runed translucent door.
 15599 | Lair:1   | Noticed emiel's ghost (novice BaIE)
 15943 | Lair:1   | Killed emiel's ghost
 15950 | Lair:1   | Got a translucent amber ring
 15952 | Lair:1   | Identified the ring of Gobu {MR+ Int+3} (You found it on
                  | level 1 of the Lair of Beasts)
 17214 | Lair:2   | Reached skill level 12 in Maces & Flails
 17214 | Lair:2   | HP: 4/95 [blink frog (9)]
 17219 | Lair:2   | Slain by a blink frog

Illustrated notes

Levels and vault maps discovered:
D:1:      dpeg_arrival_tiny_a, layout_basic, grunt_decor_cap,
          chequers_serial_rivers_micro_b, chequers_serial_rivers_micro_a
D:2:      layout_loops_cross
D:3:      layout_basic, first_ration, uniq_grinder, uniq_crazy_yiuf_cottage,
          uniq_natasha
D:4:      layout_basic, moated_statue, xom_redecorated
D:5:      layout_rooms, basic_altar, minmay_misc_feat_encased,
          chequers_serial_rivers_marsh, minmay_strange_pillars
D:6:      layout_loops_ring, gup_sewer_entry_pipe,
          hangedman_abyss_or_decor_stabs, uniq_pikel, uniq_sigmund,
          uniq_eustachio, uniq_edmund, uniq_maggie
D:7:      layout_basic, minmay_temple_entry_mini_moons, ebering_ghost_xom,
          serial_undead, serial_undead_a, serial_undead_b, serial_undead_d,
          serial_undead_c
D:8:      layout_loops_cross, overflow_temple_1_default, minitemple,
          uniq_joseph, uniq_grum, uniq_harold
D:9:      layout_rooms, kennysheep_little_box, erik_lair_dragon
D:10:     layout_loops_corners, the_bakery
D:11:     layout_small_grid, erik_orc_2
Lair:1:   layout_cave_pods, ebering_ghost_reflecting_pool
Lair:2:   layout_cave_pods, minmay_swamp_entry_worms,
          nicolae_spider_entry_orb_guardian, grunt_megastairs_4,
          lemuel_fruit_fields

Skill      XL: |  1  2  3  4  5  6  7  8  9 10 11 12 |
---------------+-------------------------------------+-----
Maces & Flails | 2 3 4 5 7 9 10 11 12 | 12.0
Shields        | 3 4 5 6 8 |  8.8
Armour         | 3 4 5 6 7 8 |  8.3
Fighting       | 4 5 6 7 8 9 |  9.2
Dodging        | 1 2 3 4 |  4.6
Stealth        | 1 2 |  2.6

Action                   |  1- 3 |  4- 6 |  7- 9 | 10-12 || total
-------------------------+-------+-------+-------+-------++-------
Melee: Flail             |   136 |   170 |   176 |       ||   482
       Morningstar       |       |    54 |   143 |   712 ||   909
       Kick              |       |    10 |    83 |   221 ||   314
Invok: Call Merchant     |       |       |       |     2 ||     2
Evoke: Wand              |       |       |       |     2 ||     2
  Use: Potion            |       |       |     3 |     5 ||     8
       Scroll            |       |       |       |    14 ||    14
 Stab: Sleeping          |       |       |     2 |     5 ||     7
       Distracted        |       |       |     1 |       ||     1
  Eat: Chunk             |     3 |     9 |    10 |       ||    22
       Ration            |       |       |       |    11 ||    11
Armor: Scale mail        |    69 |   119 |    70 |       ||   258
       Swamp dragon scal |       |       |    37 |   129 ||   166
       Pearl dragon scal |       |       |       |   237 ||   237
Dodge: Dodged            |    46 |   102 |    82 |   349 ||   579
Block: Kite shield       |    64 |   164 |   136 |   489 ||   853
